 Dungeon Crawl Stone Soup version 0.31-a0-259-g771a54ca4b (webtiles) character file.

Game seed: 4858125576468484075

639 qw the Shooter (level 7, -1/44 HPs)
             Began as a Gargoyle Hexslinger on July 13, 2023.
             Was an Initiate of Okawaru.
             Slain by Pikel
             ... wielding a +1 whip of freezing
              (5 damage)
             ... on level 5 of the Dungeon.
             The game lasted 00:01:26 (3443 turns).

qw the Shooter (Gargoyle Hexslinger)                Turns: 3443, Time: 00:01:26

Health: -1/44      AC: 11    Str: 12    XL:     7   Next: 50%
Magic:  8/8        EV: 10    Int: 13    God:    Okawaru [......]
Gold:   68         SH:  0    Dex: 14    Spells: 7/8 levels left

rFire   . . .        b - +2 sling (heavy)
rCold   + . .        (no shield)
rNeg    + . .        i - +0 ring mail
rPois   inf          k - +0 helmet
rElec   +            (no cloak)
rCorr   .            (no gloves)
SInv    .            (no boots)
Will    .....        (no amulet)
Stlth   +            d - ring of protection from cold
HPRegen 0.27/turn    (no ring)
MPRegen 0.11/turn

%: no passive effects
@: no status effects
A: sickness immunity, AC +4, negative energy resistance 1, electricity
resistance, torment resistance 1, petrification resistance
a: Renounce Religion


You were on level 5 of the Dungeon.
You worshipped Okawaru.
Okawaru was noncommittal.
You visited 2 branches of the dungeon, and saw 6 of its levels.

You collected 204 gold pieces.
You spent 136 gold pieces at shops.


Innate Abilities, Weirdness & Mutations

You are immune to sickness and miasma.
Your stone body is resilient. (AC +4)
You are immune to poison.
You resist negative energy. (rN+)
You are resistant to electric shocks. (rElec)
You are resistant to unholy torment.
You are immune to petrification.


   Skills:
 - Level 4.5 Fighting
 + Level 6.6 Ranged Weapons
 - Level 2.1 Armour
 - Level 1.5 Dodging
 - Level 1.0 Spellcasting
 - Level 2.6 Hexes
 - Level 0.1 Invocations


You had 7 spell levels left.
You knew the following spells:

 Your Spells              Type           Power      Damage    Failure   Level
a - Slow                  Hex            28%        N/A       21%         1

Your spell library contained the following spells:

 Spells                   Type           Power      Damage    Failure   Level
 Inner Flame              Hex/Fire       4%         N/A       71%         3
 Portal Projectile        Hex/Tloc       8%         N/A       71%         3
 Cause Fear               Hex            3%         N/A       90%         4

Inventory:

Hand Weapons
 b - a +2 heavy sling (weapon)
Armour
 i - a +0 ring mail (worn)
 k - a +0 helmet (worn)
Jewellery
 d - a ring of protection from cold (left hand)
 g - the ring of the Lotus Blossom {rF+ rC+ rN+ Str+2}
   (You found it on level 5 of the Dungeon)

   [ring of protection from fire]

   Str:       It affects your strength (+2).
   rF:        It protects you from fire.
   rC:        It protects you from cold.
   rN:        It protects you from negative energy.
Scrolls
 c - a scroll of silence {unknown}
 l - a scroll of identify
Potions
 a - 2 potions of curing
 e - a potion of cancellation
 f - 2 potions of might
 j - a potion of enlightenment {unknown}
 o - a potion of brilliance {unknown}

Dungeon Overview and Level Annotations

Branches:
Dungeon (5/15)             Temple (1/1) D:4

Altars:
Ashenzari
Cheibriados
Dithmenos
Elyvilon
Gozag
Hepliaklqana
Kikubaaqudgha
Makhleb
Nemelex Xobeh
Okawaru
Qazlal
Sif Muna
Trog
Vehumet
Xom
Zin
The Shining One

Shops:
D:4 [

Annotations:
D:5 Pikel


Message History

You shoot a sling bullet. The sling bullet misses Pikel.
You shoot a sling bullet. The sling bullet misses Pikel.
An ice beast comes into view.
You shoot a sling bullet. The sling bullet hits Pikel!
Pikel is heavily wounded.
Pikel closely misses you. The lemure closely misses you.
Pikel hits you but does no damage.
You shoot a sling bullet. The sling bullet barely misses Pikel.
The lemure hits you. Pikel barely misses you.
You shoot a sling bullet. The sling bullet hits Pikel!
Pikel is heavily wounded.
You feel like a meek peon again. The lemure hits you but does no damage.
Pikel hits you with a +1 whip of freezing.
Pikel freezes you.
You shoot a sling bullet. The sling bullet hits Pikel.
Pikel is severely wounded.
The lemure barely misses you. Pikel barely misses you.
The lemure hits you but does no damage.
Pikel hits you with a +1 whip of freezing.
Pikel freezes you.
You shoot a sling bullet. The sling bullet closely misses Pikel.
The lemure hits you but does no damage.
Pikel hits you with a +1 whip of freezing.
Pikel freezes you. The lemure misses you. Pikel hits you but does no damage.
You shoot a sling bullet. The sling bullet closely misses Pikel.
The lemure hits you. Pikel hits you but does no damage.
You shoot a sling bullet. The sling bullet closely misses Pikel.
The lemure barely misses you.
Pikel hits you with a +1 whip of freezing.
Pikel freezes you. The lemure hits you.
Pikel hits you with a +1 whip of freezing.
Pikel freezes you.
You shoot a sling bullet. The sling bullet hits Pikel.
Pikel is severely wounded.
The lemure barely misses you.
Pikel hits you with a +1 whip of freezing.
The lemure hits you.
Pikel hits you with a +1 whip of freezing.
You die...

#......# ##.....#.##.#
.... #.....#.#..# ....
#.....#.#..# .....
#.#####....# ...#.
####......#...# ......
#...#.....#...# #......
#...#.....#...##K......
##...##.####...'@5Y#
.'...'.......#.#####
.#...##.######.#
...<.<.........#
'#######.##....#####
.........###.........
..######## #........#
..# #........# ..#
#........#


You could see Pikel, an ice beast and a lemure.

Vanquished Creatures
  3 ogres
  3 lemures (D:5)
  2 hounds
  An orc priest (D:3)
  Natasha (thrice) (D:2)
  An iguana (D:4)
  2 orc wizards (D:4)
  5 adders
  4 worms
  2 dart slugs
  8 orcs
  7 bats
  6 endoplasms
  2 giant cockroaches
  11 goblins
  13 hobgoblins
  2 jackals (D:3)
  4 quokkas
  7 ball pythons
  5 kobolds
  4 rats
95 creatures vanquished.

Notes
Turn   | Place    | Note
-------+----------+-------------------------------------------
     0 | D:1      | qw the Gargoyle Hexslinger began the quest for the Orb.
     0 | D:1      | Reached XP level 1. HP: 12/12 MP: 2/2
     0 | D:1      | 0 ||| qw: Version: 0.3-a-52-g30416fa
     0 | D:1      | 0 ||| qw: Game counter: 6950
     0 | D:1      | 0 ||| qw: Melee chars always use a shield: true
     0 | D:1      | 0 ||| qw: God list: Okawaru
     0 | D:1      | 0 ||| qw: Allow faded altars: false
     0 | D:1      | 0 ||| qw: Do Orc after clearing Dungeon:15 true
     0 | D:1      | 0 ||| qw: Do second Lair branch before Depths: true
     0 | D:1      | 0 ||| qw: Lair rune preference: random
     0 | D:1      | 0 ||| qw: Goals: Normal
     0 | D:1      | 0 ||| PLANNING D:1-11
   178 | D:1      | Found a faded altar of an unknown god.
   289 | D:1      | Reached XP level 2. HP: 15/16 MP: 3/3
   373 | D:1      | Reached skill level 3 in Ranged Weapons
   711 | D:1      | Reached XP level 3. HP: 21/21 MP: 4/4
   876 | D:1      | 876 ||| UPGRADING to +0 leather armour.
   886 | D:1      | 886 ||| DROPPING +0 robe.
   887 | D:1      | 887 ||| UPGRADING to +0 ring mail.
   897 | D:1      | 897 ||| DROPPING +0 leather armour.
   898 | D:1      | 898 ||| UPGRADING to +0 helmet.
   903 | D:1      | 903 ||| DROPPING amulet of magic regeneration.
   904 | D:1      | 904 ||| READING scroll labelled PAEDOTIPOSE.
   905 | D:1      | 905 ||| READING 2 scrolls labelled EGHOTY QASA.
   906 | D:1      | 906 ||| DROPPING scroll of poison.
   907 | D:1      | 907 ||| DROPPING scroll of fog.
   974 | D:2      | 974 ||| SWAPPING to +2 heavy sling.
   975 | D:2      | 975 ||| DROPPING +1 sling.
  1026 | D:2      | Noticed Natasha
  1030 | D:2      | Killed Natasha
  1133 | D:2      | Reached XP level 4. HP: 26/26 MP: 5/5
  1292 | D:2      | Noticed Natasha
  1303 | D:2      | Killed Natasha
  1532 | D:2      | Reached skill level 4 in Ranged Weapons
  1556 | D:2      | Noticed Natasha
  1575 | D:2      | HP: 5/26 [cerulean imp/+1 spear[Natasha] (3)]
  1577 | D:2      | Killed Natasha
  1577 | D:2      | HP: 2/26 [adder (1)]
  1578 | D:2      | Reached XP level 5. HP: 3/30 MP: 6/6
  1827 | D:2      | 1827 ||| READING scroll labelled OSOMULOATT.
  1828 | D:2      | 1828 ||| READING scroll labelled QIAXTEQ AWEAJY.
  1829 | D:2      | 1829 ||| DRINKING 2 fizzy green potions.
  1830 | D:2      | 1830 ||| DRINKING 2 golden potions.
  1911 | D:3      | Identified the +0 war axe of Parts Unknown {freeze, Dex+5}
  1950 | D:3      | Reached skill level 5 in Ranged Weapons
  1970 | D:3      | Found a hazy altar of Hepliaklqana.
  2285 | D:3      | 2285 ||| UPGRADING to ring of protection from cold.
  2286 | D:3      | 2286 ||| READING scroll labelled XIUMEBRETAHY.
  2287 | D:3      | 2287 ||| DRINKING 2 blue potions.
  2306 | D:4      | Reached skill level 3 in Fighting
  2306 | D:4      | Reached XP level 6. HP: 37/37 MP: 7/7
  2339 | D:4      | Found a shimmering blue altar of Sif Muna.
  2401 | D:4      | Found a staircase to the Ecumenical Temple.
  2402 | D:4      | 2402 ||| PLANNING TEMPLE
  2429 | Temple   | Entered the Ecumenical Temple
  2430 | Temple   | 2430 ||| PLANNING OKAWARU WORSHIP
  2441 | Temple   | Became a worshipper of Warmaster Okawaru
  2442 | Temple   | 2442 ||| PLANNING D:1-11
  2604 | D:4      | Reached skill level 6 in Ranged Weapons
  2647 | D:4      | Found Pied's Antique Armour Emporium.
  2650 | D:4      | 2650 ||| BUYING opalescent robe (136 gold).
  2650 | D:4      | Bought an opalescent robe for 136 gold pieces
  2650 | D:4      | Identified the +0 robe of Zaysegg {rF- Int+5} (You bought
                  | it in a shop on level 4 of the Dungeon)
  2650 | D:4      | 2650 ||| SHOPLISTING runed scarf (192 gold, have 20).
  2947 | D:4      | 2947 ||| DROPPING +0 robe of Zaysegg {rF- Int+5}.
  2948 | D:4      | 2948 ||| READING scroll labelled IHAJEYSALAU.
  2949 | D:4      | 2949 ||| READING scroll labelled USIXEI MUTI.
  2950 | D:4      | 2950 ||| READING 2 scrolls labelled WUUVU VITS.
  2954 | D:4      | 2954 ||| DRINKING 2 metallic coppery potions.
  2955 | D:4      | 2955 ||| READING 2 scrolls of identify.
  2955 | D:4      | 2955 ||| IDENTIFYING glowing coppery potion
  2956 | D:4      | 2956 ||| DROPPING potion of attraction.
  2957 | D:4      | 2957 ||| DROPPING potion of degeneration.
  2990 | D:5      | Entered Level 5 of the Dungeon
  2996 | D:5      | Noticed Pikel
  3007 | D:5      | HP: 7/37 [Pikel/+1 whip of freezing (3)]
  3008 | D:5      | 3008 ||| READING scroll of teleportation.
  3013 | D:5      | Reached XP level 7. HP: 7/41 MP: 8/8
  3187 | D:5      | 3187 ||| FLEEEEING.
  3189 | D:5      | 3189 ||| FLEEEEING.
  3279 | D:5      | Reached * piety under Okawaru
  3349 | D:5      | Identified the ring of the Lotus Blossom {rF+ rC+ rN+
                  | Str+2}
  3431 | D:5      | 3431 ||| INVOKING Heroism.
  3442 | D:5      | HP: 10/44 [Pikel/+1 whip of freezing (4)]
  3443 | D:5      | HP: 4/44 [lemure[Pikel] (3)]
  3443 | D:5      | Slain by Pikel

Levels and vault maps discovered:
D:1:      minmay_arrival_stone_box, layout_basic, serial_corexii_hall,
          chequers_hall_statues_corner_a, corexii_hall_statues_x,
          shapermc_ecumenical_altar_rom_forum
D:2:      layout_basic, grunt_ministairs_10, minmay_pentomino_u4, uniq_natasha
D:3:      layout_rooms, mainiacjoe_overflow_surrounded_room
D:4:      layout_basic, old_standard_altar, minmay_temple_entry_junction,
          serial_shops, nicolae_shop_real_fake_doors, kennysheep_generic_room_5
D:5:      layout_basic, minmay_pentangle, uniq_pikel
Temple:   minmay_freezing_vapour_temple

Skill      XL: |  1  2  3  4  5  6  7 |
---------------+----------------------+-----
Ranged Weapons | 3 4 5 6 |  6.6
Fighting       | 2 3 4 |  4.5
Armour         | 2 |  2.1
Dodging        | |  1.5
Spellcasting   | |  1.0
Hexes          | |  2.6
Invocations    | |  0.1

Action                     |  1- 3 |  4- 6 |  7- 9 || total
---------------------------+-------+-------+-------++-------
   Fire: Sling             |    82 |   181 |    51 ||   314
 Invoke: Heroism           |       |       |     1 ||     1
    Use: Scroll            |     2 |     8 |       ||    10
         Potion            |       |     4 |       ||     4
 Armour: Robe              |    13 |       |       ||    13
         Ring mail         |     9 |    72 |    24 ||   105
  Dodge: Dodged            |    35 |    67 |    29 ||   131

Table legend:
 A = Non-vault XP
 B = Vault XP
 C = Vault XP percentage of total XP
 D = Non-vault monster count
 E = Vault monster count
 F = Vault count percentage of total count
                 A         B        C        D         E       F
            +---------+---------+-------+---------+---------+-------
      Total |     859 |      54 |   5.9 |      86 |       6 |   6.5
            +---------+---------+-------+---------+---------+-------
        D:1 |      38 |       0 |   0.0 |      21 |       0 |   0.0
        D:2 |     126 |      41 |  24.6 |      21 |       5 |  19.2
        D:3 |      82 |       0 |   0.0 |      19 |       0 |   0.0
        D:4 |     307 |      13 |   4.1 |      20 |       1 |   4.8
        D:5 |     306 |       0 |   0.0 |       5 |       0 |   0.0
            +---------+---------+-------+---------+---------+-------
